woodfighter, neutral female scurrid Archeologist ---------------- #|..............| ###|.....<........| ------------ ------------- # #|..............| |..........| # |`.........`.########## #---|------------ |....^......######### |.....`.....| ## ## |>.........| ## # # |...-----....#%#%############ ------------ ###....|.{.|...| # # # ##-..`.{.{|`..| # |...|.{.|...| # |...-----.(.| # ## |....%`......### -------# # --.----- |`.........`| # |......###########....!..| ------------- ###|.....| # |.j....| #-......# .f@....| |.....| -------- ------- woodfighter the Investigator Experience level: 6 Strength: 11 Dexterity: 14 Constitution: 13 Intelligence: 16 Wisdom: 12 Charisma: 9 Health: 0(39) Energy: 26(26) Def: 3 Gold: 25 Moves: 2000 Dungeon seed: Tdlre8t_Te1IC32z Game ID: woodfighter_1532466428 Your Inventory: Coins $ - 25 gold pieces Weapons a - a +2 bullwhip (weapon in paw) Armor e - a blessed +0 leather jacket (being worn) n - an uncursed +0 pair of leather gloves (being worn) z - an uncursed +0 Hawaiian shirt Comestibles b - 4 uncursed chestnuts k - 4 uncursed tripe rations o - an uncursed sprig of wolfsbane Spellbooks X - an uncursed spellbook of detect monsters Potions W - a blessed potion of hallucination Rings i - an uncursed +1 ring of protection (on left paw) T - an uncursed ring of poison resistance Wands d - a wand of light (0:15) M - a cursed wand of slow monster (0:5) Tools c - an uncursed pair of lenses h - an uncursed oil lamp (0:1137) Gems q - 3 uncursed amethysts r - an uncursed luckstone y - an uncursed aquamarine Q - an uncursed touchstone Spells and supernatural/magical abilities: Name Level Category Fail Memory W - pray for help -- divine ? -- Your skills at the end: Miscellaneous Skills wands [Basic] Weapon Skills whip [Basic] Spellcasting Skills Final Attributes: You were devoutly aligned. You had infravision. You were very stealthy. You were protected. You were fast. You were lucky. You had extra luck. Bad luck did not time out for you. Good luck did not time out for you. You are dead. Vanquished creatures: 2 bugbears an orc shaman a rock piercer a gnome lord 3 gnomish wizards a straw golem 4 giant ants an iguana a hill orc a jitterbug 2 giant bats a monkey 2 werejackals a hobbit a large kobold 4 geckos 2 hobgoblins a giant rat 5 cave spiders 2 brown molds a yellow mold a green mold 3 gnomes a gnome zombie 6 jackals 2 foxes 4 newts 4 goblins 4 sewer rats 8 grid bugs 7 lichens a kobold zombie 79 creatures vanquished. Voluntary challenges: You did not cause conflict. You were not invisible. You did not have reflection. You were not displaced. You used a wielded weapon 150 times, starting on turn 17. You did not apply a unicorn horn. You did not use plumbed fixtures. You did not drink any magical draughts. You were illiterate. You never genocided any monsters. You never polymorphed an object. You never changed form. You used no wishes. You never split a pudding. You never wrote Elbereth's name. You never violated your personal moral code. Dungeon overview: The Dungeons of Doom: levels 1 to 9 Level 1 an altar to Quetzalcoatl a long staircase Level 2 an armor shop, a sink Level 3 (box in shop) a general store, some fountains Level 4 (eyes) an altar to Quetzalcoatl, a fountain stairs to The Gnomish Mines Level 5 Level 6 Level 7 (eye + throne) some fountains, a throne Level 8 <- You were here many fountains Level 9 The Gnomish Mines: Level 5 stairs to The Dungeons of Doom History has recorded: On T:1 you entered the Dungeons of Doom to retrieve the Amulet of Yendor! On T:16 you reached level 2 of The Dungeons of Doom. On T:272 you reached level 3 of The Dungeons of Doom. On T:387 you advanced to experience level 2. On T:507 you reached level 4 of The Dungeons of Doom. On T:737 you advanced to experience level 3. On T:747 you reached level 1 of The Gnomish Mines. On T:793 you reached level 5 of The Dungeons of Doom. On T:997 you reached level 6 of The Dungeons of Doom. On T:1044 you advanced to experience level 4. On T:1427 you reached level 7 of The Dungeons of Doom. On T:1460 you advanced to experience level 5. On T:1753 you advanced to experience level 6. On T:1766 you reached level 8 of The Dungeons of Doom. On T:1960 you reached level 9 of The Dungeons of Doom. Score breakdown: Gold: 25 ( 2 points) Experience: 6 levels ( 500 points) Exploration: 9 levels ( 240 points) Discoveries: 16 items ( 800 points) Variety of kills: 32 monsters ( 1600 points) Major goal: (nothing yet) ( 0 points) Survival: died (score multiplied by 3) Total score: 9426 Latest messages: A black naga hatchling blocks your way. You start chewing a hole in the rock. You continue digging. You continue chewing on the rock. You succeed in cutting away some rock. A black naga hatchling blocks your way. You start chewing a hole in the rock. You continue digging. You continue chewing on the rock. You succeed in cutting away some rock. You see here a tripe ration. k - an uncursed tripe ration. You stop exploring. You feel your magical energy drain away! A yellow mold blocks your way. You displace kitty. A golden naga hatchling blocks your way. The door opens. You see here a tripe ration. k - an uncursed tripe ration. You see here a parchment spellbook. X - a parchment spellbook. You whip the blue jelly. (4x) You are suddenly very cold! You whip the blue jelly. You are suddenly very cold! You die... Final status: Goodbye woodfighter the Archeologist, killed by a blue jelly... You died in The Dungeons of Doom on dungeon level 8 with 9426 points, and 25 pieces of gold, after 2000 moves. You were level 6 with a maximum of 39 hit points when you died.